 Dungeon Crawl Stone Soup version 0.27-a0-890-ged2907cb04 (webtiles) character file.

Game seed: 16659878958327795698

66 Kakkamies the Vexing (level 4, -1/34 HPs)
             Began as a Gnoll Arcane Marksman on Apr 5, 2021.
             Was a Follower of Cheibriados.
             Slain by an orc wizard
             ... wielding a +0 dagger
              (2 damage)
             ... on level 3 of the Dungeon.
             The game lasted 00:08:58 (2100 turns).

Kakkamies the Vexing (Gnoll Arcane Marksman)        Turns: 2100, Time: 00:08:59

Health: -1/34      AC:  6    Str: 12    XL:     4   Next: 15%
Magic:  8/8        EV: 10    Int: 14    God:    Cheibriados [*.....]
Gold:   132        SH:  0    Dex: 15    Spells: 7/8 levels left

rFire    . . .     SeeInvis .   m - +2 dagger (flame)
rCold    + . .     Faith    .   (no shield)
rNeg     . . .     Spirit   .   o - +0 scale mail
rPois    .         Reflect  .   (no helmet)
rElec    .         Harm     .   (no cloak)
rCorr    .         Rampage  .   (no gloves)
Will     .....                  (no boots)
Stlth    ..........             (no amulet)
HPRegen  0.11/turn              h - ring of protection from cold
MPRegen  0.11/turn              (no ring)

@: flying, very slow
A: fangs 1, strong nose, distributed training
a: Renounce Religion, Bend Time


You were on level 3 of the Dungeon.
You worshipped Cheibriados.
Cheibriados was aware of your devotion.
You visited 1 branch of the dungeon, and saw 3 of its levels.

You collected 132 gold pieces.

Inventory:

Hand Weapons
 a - a +0 shortbow
 m - a +2 dagger of flaming (weapon)
Missiles
 c - 116 stones (quivered)
 d - 16 arrows
 p - 18 bolts
Armour
 e - a +0 robe
 n - a +0 leather armour
 o - a +0 scale mail (worn)
Jewellery
 h - a ring of protection from cold (left hand)
Scrolls
 g - a scroll of amnesia {unknown}
 i - a scroll of enchant armour {unknown}
 k - 2 scrolls of identify {unknown}
 q - a scroll of magic mapping {unknown}
Potions
 f - a potion of invisibility {unknown}
 j - a potion of magic {unknown}
 l - a potion of might {unknown}


   Skills:
 + Level 2.7 Fighting
 + Level 1.0 Short Blades
 + Level 1.0 Long Blades
 + Level 1.0 Axes
 + Level 1.0 Maces & Flails
 + Level 1.0 Polearms
 + Level 1.0 Staves
 + Level 1.0 Slings
 + Level 4.6 Bows
 + Level 1.0 Crossbows
 + Level 1.0 Throwing
 + Level 1.0 Armour
 + Level 4.6 Dodging
 + Level 1.0 Stealth
 + Level 1.0 Shields
 + Level 1.0 Unarmed Combat
 + Level 2.9 Spellcasting
 + Level 0.8 Conjurations
 + Level 5.4 Hexes
 + Level 0.8 Summonings
 + Level 0.8 Necromancy
 + Level 0.8 Translocations
 + Level 0.8 Transmutations
 + Level 0.8 Fire Magic
 + Level 0.8 Ice Magic
 + Level 0.8 Air Magic
 + Level 0.8 Earth Magic
 + Level 0.8 Poison Magic
 + Level 1.1 Invocations
 + Level 1.0 Evocations


You had 7 spell levels left.
You knew the following spells:

 Your Spells              Type           Power      Damage    Failure   Level
a - Corona                Hex            18%        N/A       12%         1

Your spell library contained the following spells:

 Spells                   Type           Power      Damage    Failure   Level
 Slow                     Hex            17%        N/A       19%         2
 Inner Flame              Hex/Fire       10%        N/A       67%         3
 Portal Projectile        Hex/Tloc       20%        N/A       67%         3
 Cause Fear               Hex            8%         N/A       77%         4
 Leda's Liquefaction      Hex/Erth       5%         N/A       97%         4


Dungeon Overview and Level Annotations

Branches:
Dungeon (3/15)

Altars:
Cheibriados

Shops:
D:1 [::!


Innate Abilities, Weirdness & Mutations

You have very sharp teeth.
Your uncanny sense of smell can sniff out nearby items.
Your experience applies equally to all skills.


Message History

a +0 hand axe; a +0 leather armour Your +2 dagger of flaming bursts into flame!
m - a +2 dagger of flaming (weapon)
The goblin hits you but does no damage.
You bump into the rock wall.
The goblin closely misses you.
You closely miss the goblin. The goblin hits you but does no damage.
You bump into the rock wall.
The goblin hits you with a +0 club.
You bump into the rock wall.
The goblin closely misses you.
You bump into the rock wall.
You feel less confused. The goblin closely misses you.
You closely miss the goblin. The goblin barely misses you.
You closely miss the goblin. You bite the goblin.
The goblin is moderately wounded.
The goblin hits you but does no damage.
You hit the goblin. You burn the goblin.
The goblin is severely wounded.
An orc comes into view. It is wielding a +0 dagger.
The goblin barely misses you.
The orc shouts!
You hit the goblin. You burn the goblin.
You kill the goblin!
Cheibriados appreciates the change of pace.
A magic dart appears from out of thin air!
The magic dart hits you.
You hit something. You burn something. You bite something. Something hits you.
You miss something. Something hits you but does no damage.
You hit something. You burn something. Something hits you.
* * * LOW HITPOINT WARNING * * *
You closely miss something.
You hear some strange, mumbled words.
A puff of flame appears from out of thin air!
The puff of flame hits you.
* * * LOW HITPOINT WARNING * * *
You hit something but do no damage. You bite something. Something hits you.
* * * LOW HITPOINT WARNING * * *
It was a potion of flight.
You feel very buoyant.
You fly up into the air.
Something hits you.
You die...

. #8. ##
##..##. ∆
.....()######
(.((((ogr{@.#
###.#######.#
#.#
.#######.##
..........#
.#######..# #
.. #..# .# .
#..##.# ##.
.## #.....#


You could see an orc, a goblin and a rat.

Vanquished Creatures
  An adder (D:2)
  3 dart slugs
  2 orcs (D:3)
  5 endoplasms
  3 hobgoblins
  4 jackals
  3 kobolds
  4 quokkas
  3 ball pythons
  2 bats
  5 frilled lizards
  7 goblins
  4 rats
46 creatures vanquished.

Vanquished Creatures (others)
  17 plants
17 creatures vanquished.

Grand Total: 63 creatures vanquished

Notes
Turn   | Place    | Note
-------+----------+-------------------------------------------
     0 | D:1      | Kakkamies the Gnoll Arcane Marksman began the quest for the
                  | Orb.
     0 | D:1      | Reached XP level 1. HP: 17/17 MP: 4/4
    47 | D:1      | Found Liamugub's Antique Armour Shoppe.
    77 | D:1      | Reached XP level 2. HP: 23/23 MP: 5/5
   381 | D:1      | Found Munias's Book Emporium.
   556 | D:1      | Reached XP level 3. HP: 22/28 MP: 7/7
   696 | D:1      | Found Xoer's Distillery.
   712 | D:1      | Found Zaaph's Book Shoppe.
  1075 | D:2      | Reached skill level 1 in Invocations
  1267 | D:2      | Reached skill level 1 in Short Blades
  1267 | D:2      | Reached skill level 1 in Long Blades
  1267 | D:2      | Reached skill level 1 in Axes
  1267 | D:2      | Reached skill level 1 in Maces & Flails
  1267 | D:2      | Reached skill level 1 in Polearms
  1267 | D:2      | Reached skill level 1 in Staves
  1267 | D:2      | Reached skill level 1 in Slings
  1267 | D:2      | Reached skill level 1 in Crossbows
  1267 | D:2      | Reached skill level 1 in Throwing
  1267 | D:2      | Reached skill level 1 in Armour
  1267 | D:2      | Reached skill level 1 in Stealth
  1267 | D:2      | Reached skill level 1 in Shields
  1267 | D:2      | Reached skill level 1 in Unarmed Combat
  1267 | D:2      | Reached skill level 1 in Evocations
  1651 | D:2      | Reached XP level 4. HP: 34/34 MP: 8/8
  1753 | D:2      | Found a faded altar of an unknown god.
  1764 | D:2      | Became a worshipper of Cheibriados the Contemplative
  1764 | D:2      | Reached * piety under Cheibriados
  2099 | D:3      | HP: 1/34 [something (3)]
  2100 | D:3      | Slain by an orc wizard

Illustrated notes

Levels and vault maps discovered:
D:1:      dpeg_arrival_solitude, layout_basic, serial_shops, shop_statue, shop,
          nicolae_shop_behind_doors, nicolae_shop_waterfront, st_stairs_1,
          serial_bayou_pond_c
D:2:      layout_rooms, serial_bayou, serial_bayou_lake_a, serial_bayou_ford_a,
          serial_bayou_pond_b, serial_bayou_pond_d, serial_bayou_lagoon_b,
          serial_bayou_pond_a, ebering_ecumenical_altar_hall,
          kennysheep_another_room, grunt_ministairs_11
D:3:      layout_loops_ring, lemuel_round_altar, st_stairs_6,
          minmay_tree_intersection

Skill      XL: |  1  2  3 |
---------------+----------+-----
Invocations    | 1 |  1.1
Short Blades   | 1 |  1.0
Long Blades    | 1 |  1.0
Axes           | 1 |  1.0
Maces & Flails | 1 |  1.0
Polearms       | 1 |  1.0
Staves         | 1 |  1.0
Slings         | 1 |  1.0
Crossbows      | 1 |  1.0
Throwing       | 1 |  1.0
Armour         | 1 |  1.0
Stealth        | 1 |  1.0
Shields        | 1 |  1.0
Unarmed Combat | 1 |  1.0
Evocations     | 1 |  1.0
Fighting       | |  2.7
Bows           | |  4.6
Dodging        | |  4.6
Spellcasting   | |  2.9
Conjurations   | |  0.8
Hexes          | |  5.4
Summonings     | |  0.8
Necromancy     | |  0.8
Translocations | |  0.8
Transmutations | |  0.8
Fire Magic     | |  0.8
Ice Magic      | |  0.8
Air Magic      | |  0.8
Earth Magic    | |  0.8
Poison Magic   | |  0.8

Action                   |  1- 3 |  4- 6 || total
-------------------------+-------+-------++-------
Melee: Short sword       |    24 |       ||    24
       Bite              |     4 |     3 ||     7
       Dagger            |    22 |    21 ||    43
 Fire: Shortbow          |    73 |    18 ||    91
  Use: Potion            |       |     1 ||     1
Armor: Robe              |     1 |       ||     1
       Leather armour    |     4 |       ||     4
       Scale mail        |       |    11 ||    11
Dodge: Dodged            |    33 |    13 ||    46

Table legend: (Time is in decaauts)
 A = Elapsed time spent in this place.
 B = Non-inter-level travel time spent in this place.
 C = Inter-level travel time spent in this place.
 D = Time resting spent in this place.
 E = Time spent auto-exploring this place.
 F = Levels seen in this place.
 G = Mean time per level.
                   A        B        C        D        E       F      G
               +--------+--------+--------+--------+--------+-----+--------+
         Total |   2249 |   2205 |     44 |    492 |   1297 |   3 |  749.7 |
       Dungeon |   2249 |   2205 |     44 |    492 |   1297 |   3 |  749.7 |
               +--------+--------+--------+--------+--------+-----+--------+

Top non-repeatable levels by time:
     D:2: 1239 daAuts
     D:1: 812 daAuts
     D:3: 197 daAuts
